 Dungeon Crawl Stone Soup version 0.19-a0-1254-gb9c29c0 (webtiles) character file.

6816 epen the Martial Artist (level 11, 0/89 HPs)
             Began as a Merfolk Monk on Aug 27, 2016.
             Was a High Priest of Cheibriados.
             Killed from afar by a deep elf mage (34 damage)
             ... with a bolt of negative energy
             ... in a bailey.
             The game lasted 00:13:14 (9101 turns).

epen the Martial Artist (Merfolk Monk)              Turns: 9101, Time: 00:13:15

Health: 0/89       AC:  9    Str: 19    XL:     11   Next: 5%
Magic:  13/14      EV: 23    Int: 19    God:    Cheibriados [*****.]
Gold:   491        SH:  2    Dex: 34    Spells: 0 memorised, 10 levels left

rFire  . . .     SeeInvis +     I - +12 halberd of Bel Byet {holy, +Inv rElec Str-5 Dex+3 SInv}
rCold  + + +     Gourm    .     t - +0 leather armour of Elosat {-Cast rElec rC+++ Int-3} (curse)
rNeg   . . .     Faith    .     (shield currently unavailable)
rPois  .         Spirit   .     v - +1 helmet
rElec  +         Dismiss  .     (no cloak)
rCorr  +         Reflect  +     g - +2 pair of gloves
MR     .....     Harm     .     (no boots)
Stlth  +++....... Clarity  +    z - +2 amulet of reflection NoCast +
                                k - +1 ring of protection
                                j - ring of resist corrosion

@: heavily drained, very slow
A: change form in water, swift swim, stealthy swim, clarity, deterioration 1,
low mp 1, wild magic 1
a: Bend Time, Temporal Distortion, Slouch, Step From Time, Renounce Religion,
Evoke Invisibility


You were in a bailey.
You worshipped Cheibriados.
Cheibriados was extremely pleased with you.
You were hungry.

You visited 2 branches of the dungeon, and saw 10 of its levels.
You also visited: Bailey.

You collected 491 gold pieces.

Inventory:

Hand Weapons
 I - the +12 halberd of Bel Byet (weapon) {holy, +Inv rElec Str-5 Dex+3 SInv}
   (You found it on level 9 of the Dungeon)

   It has been blessed by the Shining One to cause great damage to the undead
   and demons.
   It affects your strength (-5).
   It affects your dexterity (+3).
   It insulates you from electricity.
   It lets you see invisible.
   It lets you turn invisible.
Missiles
 y - a throwing net (quivered)
Armour
 a - a +0 robe
 g - a +2 pair of gloves (worn)
 t - the cursed +0 leather armour of Elosat (worn) {-Cast rElec rC+++ Int-3}
   (You found it on level 4 of the Dungeon)

   It affects your intelligence (-3).
   It renders you almost immune to cold.
   It insulates you from electricity.
   It prevents spellcasting.
   It has a curse placed upon it.
 v - a +1 helmet (worn)
Jewellery
 j - a ring of resist corrosion (left hand)
 k - a +1 ring of protection (right hand)
 z - a +2 amulet of reflection (around neck)
Wands
 l - a wand of disintegration (8/24)
 G - a wand of iceblast (8/15)
Scrolls
 e - 3 scrolls of teleportation
 u - 5 scrolls of enchant armour
 A - 3 scrolls of remove curse
 B - a scroll of blinking
 D - a scroll of fear
 F - a scroll of enchant weapon {unknown}
 H - a scroll of fog
Potions
 c - 2 potions of brilliance
 d - 2 potions of lignification
 h - a potion of invisibility {unknown}
 i - 2 potions of haste
 m - 5 potions of curing
 n - a potion of heal wounds
 o - a potion of mutation {unknown}
 q - a potion of agility
 r - a potion of resistance
 w - a potion of berserk rage
 C - a potion of might
 E - a potion of flight {unknown}
Comestibles
 b - 10 bread rations
 f - 11 fruits
 p - 5 meat rations
 s - 4 chunks of flesh
 x - 2 beef jerkies


   Skills:
 + Level 9.1(7.7) Fighting
 + Level 10.6(9.2) Dodging
 - Level 2.1(1.0) Stealth
 * Level 11.7(10.2) Unarmed Combat
 * Level 7.5(6.2) Invocations


You had 10 spell levels left.
You didn't know any spells.

Dungeon Overview and Level Annotations

Branches:
Dungeon (9/15)             Temple (1/1) D:5            Lair (0/6) D:9
    Orc: D:9-12

Altars:
Ashenzari
Cheibriados
Dithmenos
Elyvilon
Fedhas
Gozag
Hepliaklqana
Kikubaaqudgha
Makhleb
Nemelex Xobeh
Okawaru
Qazlal
Ru
Sif Muna
Uskayaw
Vehumet
Xom
Yredelemnul
Zin
The Shining One

Shops:
D:5 (


Innate Abilities, Weirdness & Mutations

You revert to your normal form in water.
You are very nimble and swift while swimming.
You are very stealthy in the water.
You possess an exceptional clarity of mind.
Your body sometimes deteriorates upon taking damage.
Your magical capacity is low. (-10% MP)
Your spells are a little harder to cast, but a little more powerful.


Message History

The deep elf mage hits you with a short sword.
Unknown command.
You slice the deep elf mage!!
You kill the deep elf mage!
Cheibriados appreciates the change of pace.
You have reached level 11!
You impale the deep elf mage!!
The deep elf mage is heavily wounded.
The deep elf mage mumbles some strange words.
The deep elf mage blinks!
The deep elf mage gestures at you while chanting.
The bolt of negative energy hits you!
You feel drained.
Attack whom?
Press: ? - help, Dir - move target cursor, f - deep elf mage
Aim: a deep elf mage, wielding a dagger You reach to attack!
You puncture the deep elf mage!
The deep elf mage is moderately wounded.
The deep elf mage casts a spell at you. The bolt of negative energy hits you!
You feel drained.
You die...

.### ###r
##...# #...##
#..... ..e..#
#..... ..e..#
#..... .....#
#....#.r..#
#)#####
#....#)...##
#.....#@....#
#.....#..∩..#
#..e..#e....#
##...###..)###
e######'##..##
..
##...##....#
#.....#....#
#..∩..##..##
##...######


You could see a deep elf mage.

Vanquished Creatures
  5 deep elf magi (Bailey)
  A spriggan (D:7)
  Sigmund (D:4)
  2 hungry ghosts
  2 hippogriffs (D:8)
  An orc warrior (D:9)
  5 sky beasts
  An ice beast (D:5)
  2 phantoms
  A necrophage (D:6)
  A wasp (D:8)
  A black bear (D:7)
  4 ogres
  3 centaurs
  2 big kobolds (D:7)
  3 giant frogs (D:8)
  A water moccasin zombie (D:8)
  2 scorpions
  5 killer bees (D:7)
  4 wights (D:8)
  7 crimson imps
  A wasp zombie (D:6)
  A giant frog zombie (D:6)
  4 hounds
  3 orc wizards
  3 orc priests
  A jelly (D:5)
  4 centaur skeletons
  An iguana (D:7)
  Ijyb (D:2)
  Terence (D:2)
  7 worker ants
  A hound skeleton (D:7)
  A howler monkey zombie (D:6)
  4 gnolls (D:6)
  18 adders
  2 shadow imps
  An ooze (D:2)
  2 worms
  4 dart slugs
  6 giant geckos
  24 orcs
  12 bats
  6 giant cockroaches
  16 goblins
  5 hobgoblins
  9 jackals
  15 kobolds
  7 quokkas
  5 giant newts
  A jackal skeleton (D:5)
  A quokka skeleton (D:5)
  9 rats
230 creatures vanquished.

Notes
Turn   | Place    | Note
-------+----------+-------------------------------------------
     0 | D:1      | epen the Merfolk Monk began the quest for the Orb.
     0 | D:1      | Reached XP level 1. HP: 18/18 MP: 1/1
   190 | D:1      | Reached XP level 2. HP: 20/24 MP: 2/2
   624 | D:1      | Reached XP level 3. HP: 25/29 MP: 3/3
   911 | D:1      | Reached skill level 4 in Unarmed Combat
  1298 | D:2      | Reached XP level 4. HP: 36/37 MP: 4/4
  1369 | D:2      | Noticed Terence
  1402 | D:2      | Killed Terence
  1402 | D:2      | Reached skill level 5 in Dodging
  2130 | D:2      | Noticed Ijyb
  2147 | D:2      | HP: 1/37 [Ijyb (1)]
  2153 | D:2      | Killed Ijyb
  2153 | D:2      | Reached skill level 5 in Unarmed Combat
  2153 | D:2      | Reached XP level 5. HP: 2/42 MP: 5/5
  3031 | D:3      | Found an iron altar of Okawaru.
  3122 | D:3      | Found a radiant altar of Vehumet.
  3123 | D:3      | Found a burning altar of Makhleb.
  3366 | D:3      | Reached XP level 6. HP: 33/49 MP: 6/6
  4075 | D:4      | Found a shimmering altar of Xom.
  4107 | D:4      | Reached skill level 6 in Unarmed Combat
  4225 | D:4      | Got a brightly glowing leather armour
  4236 | D:4      | Identified the cursed +0 leather armour of Elosat {-Cast rElec rC+++ Int-3} (You found it on level 4 of the Dungeon)
  4646 | D:4      | Reached skill level 5 in Fighting
  4646 | D:4      | Reached XP level 7. HP: 38/56 MP: 7/7
  4796 | D:4      | Noticed Sigmund
  4818 | D:4      | Killed Sigmund
  5400 | D:5      | Entered Level 5 of the Dungeon
  5408 | D:5      | Reached skill level 7 in Unarmed Combat
  5477 | D:5      | Reached XP level 8. HP: 45/64 MP: 8/8
  5641 | D:5      | Found a hide-covered altar of Uskayaw.
  5677 | D:5      | Reached skill level 8 in Unarmed Combat
  5903 | D:5      | Found Qeufye's Weapon Boutique.
  5935 | D:5      | Got a faintly glowing trident
  5936 | D:5      | Identified the +6 trident "Tany" {holy, rF+ rN+ Int+4} (You found it on level 5 of the Dungeon)
  6000 | D:5      | Found a staircase to the Ecumenical Temple.
  6149 | Temple   | Entered the Ecumenical Temple
  6210 | Temple   | Became a worshipper of Cheibriados the Contemplative
  6210 | Temple   | Reached * piety under Cheibriados
  6210 | Temple   | Reached ** piety under Cheibriados
  6434 | D:6      | Reached skill level 9 in Unarmed Combat
  6453 | D:6      | Reached XP level 9. HP: 36/71 MP: 9/9
  6589 | D:6      | Found a blossoming altar of Fedhas.
  6642 | D:6      | Reached skill level 1 in Invocations
  6832 | D:6      | Found a white marble altar of Elyvilon.
  7024 | D:7      | Found a sparkling altar of Nemelex Xobeh.
  7094 | D:7      | Reached *** piety under Cheibriados
  7565 | D:7      | Reached **** piety under Cheibriados
  7617 | D:7      | Reached skill level 10 in Unarmed Combat
  8072 | D:8      | Reached XP level 10. HP: 68/80 MP: 13/13
  8127 | D:8      | Reached skill level 5 in Invocations
  8192 | D:8      | Gained mutation: Your magical capacity is low. (-10% MP) [mutagenic meat]
  8195 | D:8      | Gained mutation: Your body sometimes deteriorates upon taking damage. [mutagenic meat]
  8198 | D:8      | Gained mutation: You possess an exceptional clarity of mind. [mutagenic meat]
  8201 | D:8      | Gained mutation: Your spells are a little harder to cast, but a little more powerful. [mutagenic meat]
  8329 | D:8      | Found a sacrificial altar of Ru.
  8449 | D:8      | Reached ***** piety under Cheibriados
  8738 | D:8      | Reached skill level 10 in Dodging
  8861 | D:8      | Reached skill level 11 in Unarmed Combat
  9029 | D:9      | Found a flagged portal.
  9038 | D:9      | Got a faintly glowing halberd
  9041 | Bailey   | Entered a bailey
  9042 | Bailey   | Identified the +12 halberd of Bel Byet {holy, +Inv rElec Str-5 Dex+3 SInv} (You found it on level 9 of the Dungeon)
  9049 | Bailey   | Noticed a deep elf mage
  9057 | Bailey   | Killed a deep elf mage
  9069 | Bailey   | Noticed a deep elf mage
  9070 | Bailey   | Noticed a deep elf mage
  9070 | Bailey   | Noticed a deep elf mage
  9072 | Bailey   | Noticed a deep elf mage
  9072 | Bailey   | Noticed a deep elf mage
  9074 | Bailey   | Killed a deep elf mage
  9075 | Bailey   | Noticed a deep elf mage
  9075 | Bailey   | Noticed a smoke demon
  9093 | Bailey   | Killed a deep elf mage
  9096 | Bailey   | Killed a deep elf mage
  9098 | Bailey   | Killed a deep elf mage
  9098 | Bailey   | Reached XP level 11. HP: 51/89 MP: 13/14
  9101 | Bailey   | Killed from afar by a deep elf mage

Vault maps used:
D:1:      lemuel_arrival_broad_hall
D:2:      uniq_terence, uniq_iyjb
D:3:      kennysheep_the_goblin_king,
          grunt_temple_overflow_lords_of_destruction, okawaru_trees_1
D:4:      first_bread, xom_teletrap_fun, uniq_sigmund
D:5:      eat_drink_and_be_merry_uskayaw, serial_shops,
          nicolae_shop_behind_doors
D:6:      fedhas_altar_fruit_tree, lemuel_coloured_pillars_altar,
          kennysheep_generic_room_9
D:7:      nemelex_xobeh_ov_fountains_minmay, grunt_ministairs_2, the_bakery,
          kennysheep_generic_room_11
D:8:      grunt_ministairs_3, nicolae_ru_awakened_eye
D:9:      kennysheep_spiral_hall, kennysheep_mini_moat, lair_0_dummy,
          enter_bailey_2, nicolae_alphabet_shops
Temple:   nicolae_temple_hex_pool
Bailey:   bailey_polearm_3, bailey

Skill      XL: |  1  2  3  4  5  6  7  8  9 10 |
---------------+-------------------------------+-----
Unarmed Combat | 4 5 6 7 9 10 11 | 11.7
Fighting       | 4 5 6 8 9 |  9.1
Dodging        | 5 6 7 8 9 10 | 10.6
Invocations    | 4 7 |  7.5
Stealth        | |  2.1

Action                   |  1- 3 |  4- 6 |  7- 9 | 10-12 || total
-------------------------+-------+-------+-------+-------++-------
Melee: Unarmed           |   113 |   271 |   445 |   112 ||   941
       Punch             |     5 |     6 |    20 |    15 ||    46
       Trident           |       |       |     2 |       ||     2
       Halberd           |       |       |       |    33 ||    33
       Tailslap          |       |       |       |     1 ||     1
  Use: Potion            |       |     2 |     1 |       ||     3
       Scroll            |       |     3 |    14 |     1 ||    18
 Stab: Sleeping          |    10 |     6 |     7 |       ||    23
  Eat: Chunk             |     1 |    11 |     8 |     6 ||    26
       Pizza             |       |       |       |     1 ||     1
Armor: Robe              |     5 |    32 |       |       ||    37
       Skin              |       |     4 |       |       ||     4
       Leather armour    |       |     4 |    82 |    23 ||   109
Dodge: Dodged            |    79 |   174 |   395 |   131 ||   779
Block: Other             |       |       |     9 |    14 ||    23
